 Dungeon Crawl Stone Soup version 0.23-a0-550-g7de1f8e (webtiles) character file.

11133 KristoblXynda the Covert (level 11, -1/56 HPs)
             Began as a Spriggan Berserker on Dec 8, 2018.
             Was a High Priest of Trog.
             Slain by a minotaur
             ... wielding an uncursed staff of fire
              (14 damage)
             ... in a Gauntlet.
             The game lasted 00:32:41 (12960 turns).

KristoblXynda the Covert (Spriggan Berserker)      Turns: 12960, Time: 00:32:42

Health: -1/56      AC:  3    Str: 15    XL:     11   Next: 45%
Magic:  19/19      EV: 26    Int: 14    God:    Trog [*****.]
Gold:   359        SH: 10    Dex: 17    Spells: 10/10 levels left

rFire    . . .     SeeInvis +   g - +4 rapier (elec)
rCold    . . .     Gourm    .   s - +3 buckler of the Black Moon {*Corrode rN++ Str+2 Stlth+}
rNeg     + + .     Faith    .   b - +1 animal skin
rPois    .         Spirit   .   (helmet restricted)
rElec    .         Reflect  .   l - scarf {repulsion}
rCorr    .         Harm     .   (gloves unavailable)
MR       +....     NoTele   +   (boots unavailable)
Stlth    ++++++++..             (no amulet)
HPRegen  0.18/turn              k - +3 ring of intelligence
MPRegen  0.16/turn              A - ring of stealth

@: repel missiles, very quick
A: very small, unfitting armour, see invisible, herbivore, speed 3, slow
metabolism 2
a: Berserk, Trog's Hand, Brothers in Arms, Renounce Religion


You were in a Gauntlet.
You worshipped Trog.
Trog was extremely pleased with you.
You were not hungry.

You visited 2 branches of the dungeon, and saw 12 of its levels.
You also visited: Gauntlet.

You collected 685 gold pieces.
You spent 326 gold pieces at shops.

Inventory:

Hand Weapons
 a - a +0 rapier of holy wrath
 g - a +4 rapier of electrocution (weapon)
Missiles
 y - 8 throwing nets (quivered)
Armour
 b - a +1 animal skin (worn)
 l - a scarf of repulsion (worn)
 s - the +3 buckler of the Black Moon (worn) {*Corrode rN++ Str+2 Stlth+}
   (You found it on level 4 of the Dungeon)

   It affects your strength (+2).
   It greatly protects you from negative energy.
   It may corrode you when you take damage.
   It makes you more stealthy.
 E - the -5 hat of the Everdark {MR++}
   (You found it in a Gauntlet)

   It affects your resistance to hostile enchantments.
Jewellery
 k - a +3 ring of intelligence (left hand)
 r - the amulet "Fyitsi" {Spirit Str+3 Int+2 Slay+4, unknown}
   (You found it in a Gauntlet)

   [amulet of guardian spirit]

   It causes incoming damage to be split between your health and magic.
   It affects your strength (+3).
   It affects your intelligence (+2).
   It affects your accuracy and damage with ranged weapons and melee attacks
   (+4).
 A - a ring of stealth (right hand)
Wands
 v - a wand of disintegration (1)
Scrolls
 d - 5 scrolls of remove curse
 m - 4 scrolls of blinking
 o - a scroll of magic mapping
 q - a scroll of amnesia
 C - 2 scrolls of enchant weapon
 D - a scroll of immolation
Potions
 e - a potion of ambrosia
 f - a potion of haste
 h - 2 potions of cancellation
 i - 2 potions of resistance
 j - 3 potions of agility
 n - 2 potions of might
 p - 2 potions of heal wounds
 t - 2 potions of brilliance
 u - a potion of magic {unknown}
 w - 2 potions of berserk rage
 x - 2 potions of mutation {unknown}
 z - a potion of curing
 B - a potion of experience {unknown}
Comestibles
 c - 5 rations


   Skills:
 - Level 5.2 Fighting
 + Level 10.6 Short Blades
 - Level 11.0 Dodging
 + Level 13.6 Stealth
 + Level 4.0 Shields
 + Level 9.4 Evocations


You had 10 spell levels left.
You didn't know any spells.
Your spell library was empty.

Dungeon Overview and Level Annotations

Branches:
Dungeon (11/15)            Temple (1/1) D:7            Lair (0/6) D:9
    Orc: D:9-12

Altars:
Ashenzari
Cheibriados
Dithmenos
Elyvilon
Fedhas
Gozag
Hepliaklqana
Kikubaaqudgha
Makhleb
Nemelex Xobeh
Okawaru
Qazlal
Ru
Sif Muna
Trog
Uskayaw
Vehumet
Wu Jian
Xom
Yredelemnul
Zin
The Shining One

Shops:
D:4 %   D:7 *!   D:8 %   D:10 =

Annotations:
Gauntlet 8 transporters


Innate Abilities, Weirdness & Mutations

You are very small and have problems with some larger weapons.
You are too small for most types of armour.
You have supernaturally acute eyesight. (SInv)
You are a herbivore.
You cover ground extremely quickly.
You need to consume almost no food.


Message History

There is a transporter landing site here.
Found a glowing hat and a hand crossbow.
Found a transporter.
Found a potion of haste.
The death drake hisses angrily.
There is a transporter landing site here.
The hell hound barks!
Found a ration.
Found a triangular amethyst amulet.
Found a transporter.
Found a curved runed staff.
A minotaur comes into view.
It is wielding a staff of fire and wearing a +2 The minotaur throws a poisoned javelin.
The poisoned javelin is repelled.
There is a transporter landing site here.
You see here a poisoned javelin.
The minotaur hits you with an uncursed staff of fire!!
Ouch! That really hurt!
The minotaur burns you!
* * * LOW HITPOINT WARNING * * *
The minotaur gores you!
You die...

.##Z..##.#.#.#§#.#§#.#.#
..!kZ.)..#.#§.|§EhR§.#.#
##########.###########.#
......................
.........8 .........
##########################
....©...........©.........
..........................
####.##.##.##.##@#########
#.##.##.##.##H#
...............
###.##.##.##.##.#
#.##.##.##.# .#
............ .# .# .#
#'#.##. ## #.


You could see a minotaur, an efreet, a fire elemental and a hell hound.

Vanquished Creatures
  An ettin (D:8)
  A catoblepas (Gauntlet)
  A centaur warrior (D:9)
  A manticore (D:9)
  An ugly thing (D:11)
  A centaur zombie (D:9)
  A torpor snail (D:9)
  A gargoyle (Gauntlet)
  Grinder (D:4)
  A raiju (Gauntlet)
  2 hippogriffs
  A redback (D:9)
  Sigmund (D:2)
  A wyvern (D:8)
  6 yaks (D:11)
  A hungry ghost (D:9)
  A steam dragon (Gauntlet)
  3 wargs (D:9)
  3 ice beasts
  2 orc warriors (D:9)
  A sky beast (D:6)
  2 black bears
  4 ogres
  4 centaurs
  A crocodile (D:10)
  A big kobold (D:8)
  5 bullfrogs
  4 gnoll sergeants
  Dowan (D:4)
  6 scorpions
  7 killer bees
  6 wights
  4 howler monkeys
  8 crimson imps
  2 quasits
  2 orc priests
  4 jellies
  13 orc wizards
  A centaur skeleton (D:6)
  2 gnoll shamans (D:5)
  7 hounds
  7 worker ants
  An iguana (D:5)
  A killer bee zombie (D:9)
  A hound zombie (D:9)
  2 worker ant zombies
  Robin (D:2)
  A howler monkey zombie (D:7)
  34 gnolls
  12 adders
  A shadow imp (D:6)
  2 adder zombies
  4 worms
  A dart slug (D:2)
  4 leopard geckos
  23 orcs
  A ball python (D:4)
  A giant cockroach (D:1)
  19 goblins
  16 hobgoblins
  13 jackals
  8 kobolds
  6 quokkas
  7 bats
  14 frilled lizards
  A giant cockroach zombie (D:6)
  A jackal zombie (D:5)
  4 leopard gecko skeletons
  4 rats
306 creatures vanquished.

Vanquished Creatures (collateral kills)
  A hound skeleton (D:9)
1 creature vanquished.

Vanquished Creatures (others)
  A bullfrog (D:8)
  A killer bee (D:8)
  A hound (D:8)
  An orc wizard (D:9)
  A leopard gecko (D:8)
  A giant cockroach (D:8)
  A quokka zombie (D:8)
7 creatures vanquished.

Grand Total: 314 creatures vanquished

Notes
Turn   | Place    | Note
-------+----------+-------------------------------------------
     0 | D:1      | KristoblXynda the Spriggan Berserker began the quest for
                  | the Orb.
     0 | D:1      | Reached XP level 1. HP: 11/11 MP: 2/2
    78 | D:1      | Reached skill level 1 in Stealth
    89 | D:1      | Reached XP level 2. HP: 5/16 MP: 3/3
   722 | D:1      | Reached ** piety under Trog
   734 | D:1      | Reached skill level 2 in Stealth
   740 | D:1      | Reached XP level 3. HP: 10/19 MP: 4/4
  1135 | D:2      | Reached skill level 5 in Dodging
  1391 | D:2      | Found a shattered altar of Ashenzari.
  1409 | D:2      | Noticed Robin
  1430 | D:2      | Killed Robin
  1437 | D:2      | Reached XP level 4. HP: 22/23 MP: 5/5
  2084 | D:2      | Found a sacrificial altar of Ru.
  2150 | D:2      | Noticed Sigmund
  2167 | D:2      | Killed Sigmund
  2167 | D:2      | Reached skill level 4 in Stealth
  2167 | D:2      | Reached XP level 5. HP: 8/28 MP: 6/6
  2480 | D:2      | Reached *** piety under Trog
  2739 | D:3      | Noticed a +0 hand axe
  2739 | D:3      | Noticed a -1 dagger
  2805 | D:3      | Reached XP level 6. HP: 31/32 MP: 7/7
  3019 | D:3      | Found a hide-covered altar of Uskayaw.
  3520 | D:4      | Reached skill level 5 in Stealth
  3775 | D:4      | Noticed Grinder
  3808 | D:4      | Reached skill level 5 in Short Blades
  4029 | D:4      | Found Qoycs's Food Emporium.
  4071 | D:4      | Found a snail-covered altar of Cheibriados.
  4582 | D:4      | Reached XP level 7. HP: 15/37 MP: 8/8
  4832 | D:4      | Noticed Dowan
  4963 | D:4      | Noticed Duvessa
  4986 | D:4      | Killed Dowan
  5021 | D:4      | Noticed Duvessa
  5021 | D:4      | Duvessa changed into Duvessa the ice beast
  5071 | D:4      | Killed Duvessa the ice beast
  5071 | D:4      | Reached skill level 6 in Stealth
  5080 | D:4      | Got a distressingly furry buckler
  5269 | D:4      | Identified the +3 buckler of the Black Moon {*Corrode rN++
                  | Str+2 Stlth+} (You found it on level 4 of the Dungeon)
  5420 | D:4      | Killed Grinder
  5442 | D:5      | Entered Level 5 of the Dungeon
  5505 | D:5      | Reached **** piety under Trog
  5775 | D:5      | Reached skill level 7 in Stealth
  5775 | D:5      | Reached XP level 8. HP: 27/42 MP: 9/9
  6594 | D:5      | Reached skill level 5 in Fighting
  6594 | D:5      | Reached skill level 8 in Stealth
  7044 | D:5      | Found a blossoming altar of Fedhas.
  7251 | D:6      | Reached skill level 1 in Evocations
  7277 | D:6      | Reached ***** piety under Trog
  7323 | D:6      | Reached skill level 9 in Stealth
  7340 | D:6      | Reached XP level 9. HP: 40/47 MP: 11/11
  8195 | D:7      | Found Diuci's General Store.
  8198 | D:7      | Bought a ration for 70 gold pieces
  8225 | D:7      | Found a staircase to the Ecumenical Temple.
  8274 | Temple   | Entered the Ecumenical Temple
  8473 | D:7      | Found an iron altar of Okawaru.
  8485 | D:7      | Reached skill level 10 in Dodging
  8724 | D:7      | Found Anakky's Distillery.
  8730 | D:7      | Bought a potion of curing for 48 gold pieces
  8730 | D:7      | Bought a potion of lignification for 48 gold pieces
  8730 | D:7      | Bought 2 potions of heal wounds for 160 gold pieces
  8857 | D:7      | Found a glowing silver altar of Zin.
  9060 | D:8      | Found Mesahyop's Food Shoppe.
  9127 | D:8      | Found a shimmering altar of Xom.
  9128 | D:8      | Noticed a five-headed hydra
  9135 | D:8      | Noticed a spark wasp
  9135 | D:8      | a five-headed hydra changed into a spark wasp
  9136 | D:8      | Noticed an ettin
  9136 | D:8      | a spark wasp changed into an ettin
  9148 | D:8      | Killed an ettin
  9148 | D:8      | Reached skill level 10 in Stealth
  9148 | D:8      | Reached skill level 5 in Evocations
  9317 | D:8      | Reached skill level 11 in Stealth
  9317 | D:8      | Reached XP level 10. HP: 41/51 MP: 15/15
  9417 | D:8      | Received a gift from Trog
  9998 | D:9      | Reached skill level 1 in Shields
 10009 | D:9      | Found a staircase to the Lair.
 10144 | D:9      | Noticed a two-headed ogre
 10147 | D:9      | Noticed a torpor snail
 10147 | D:9      | a two-headed ogre changed into a torpor snail
 10164 | D:9      | Killed a torpor snail
 10275 | D:9      | Found a stormy altar of Qazlal.
 10340 | D:9      | Received a gift from Trog
 10340 | D:9      | Reached skill level 12 in Stealth
 10574 | D:9      | Noticed a manticore
 10574 | D:9      | Noticed a centaur warrior
 10592 | D:9      | Killed a centaur warrior
 10599 | D:9      | Killed a manticore
 10868 | D:9      | Noticed Erica
 10886 | D:9      | Noticed Erica
 10886 | D:9      | Erica changed into Erica the death drake
 10902 | D:9      | Noticed Erica
 10902 | D:9      | Erica the death drake changed into Erica the redback
 10909 | D:9      | Killed Erica the redback
 10980 | D:9      | Reached skill level 10 in Short Blades
 10980 | D:9      | Reached XP level 11. HP: 40/56 MP: 18/18
 11416 | D:9      | Found a deep blue altar of Sif Muna.
 11600 | D:10     | Entered Level 10 of the Dungeon
 11707 | D:10     | Found Oblouklegi's Jewellery Boutique.
 12108 | D:11     | Noticed a cyan ugly thing
 12115 | D:11     | Killed a cyan ugly thing
 12115 | D:11     | Reached skill level 13 in Stealth
 12253 | D:11     | Found a gate leading to a gauntlet.
 12265 | Gauntlet | Entered a Gauntlet
 12265 | Gauntlet | Found a transporter.
 12279 | Gauntlet | Found a transporter.
 12279 | Gauntlet | Found a transporter.
 12279 | Gauntlet | Noticed a catoblepas
 12281 | Gauntlet | Found a transporter.
 12310 | Gauntlet | Found a transporter.
 12310 | Gauntlet | Found a transporter.
 12312 | Gauntlet | Killed a catoblepas
 12318 | Gauntlet | Got a slimy graven amulet
 12419 | Gauntlet | Found a transporter.
 12439 | Gauntlet | Found a transporter.
 12498 | Gauntlet | Found a transporter.
 12700 | Gauntlet | Found a transporter.
 12756 | Gauntlet | Noticed a balrug
 12756 | Gauntlet | Found a transporter.
 12772 | Gauntlet | Got a heavily runed hat
 12911 | Gauntlet | Identified the cursed -5 hat of the Everdark {MR++} (You
                  | found it in a Gauntlet)
 12930 | Gauntlet | Found a transporter.
 12930 | Gauntlet | Noticed an entropy weaver
 12942 | Gauntlet | Found a transporter.
 12942 | Gauntlet | Noticed a death drake
 12954 | Gauntlet | Found a transporter.
 12956 | Gauntlet | Noticed a minotaur
 12960 | Gauntlet | Slain by a minotaur

Vault maps used:
D:1:      roderic_dead_forest, minmay_lizard_pond
D:2:      ashenzari_altar_1, nicolae_ru_sacrificial_ziggurat,
          chequers_serial_rivers_small_a, uniq_sigmund, uniq_robin
D:3:      kennysheep_six_static_rooms, dancing_weapons_uskayaw, first_ration
D:4:      lemuel_crystal_altar, serial_shops, kennysheep_mini_moat,
          uniq_duvessa, uniq_grinder
D:5:      fedhas_altar_4, serial_gnoll_camp, gnoll_camp_mini_loothouse,
          gnoll_camp_medium_02, gnoll_camp_mini_basic, gnoll_camp_medium_01
D:7:      kennysheep_mini, minmay_temple_entry_waves, serial_shops,
          kennysheep_little_box, nicolae_shop_behind_doors,
          okawaru_ov_weapons_minmay
D:8:      xom_confusion_cloud, serial_shops, shop_fountains
D:9:      wad_guarded_room, nicolae_qazlal_general_emergency, led_sif_book,
          erik_lair_orcish_takeover, uniq_erica
D:10:     serial_shops, nicolae_shop_statue_plus
D:11:     gauntlet_entry_generic
Temple:   nicolae_temple_figure_eight
Gauntlet: gammafunk_gauntlet_one_two_three

Skill      XL: |  1  2  3  4  5  6  7  8  9 10 11 |
---------------+----------------------------------+-----
Stealth        | 1 2 4 5 7 9 11 12 13 | 13.6
Dodging        | 5 6 7 8 9 11 | 11.0
Fighting       | 3 4 5 |  5.2
Short Blades   | 4 5 6 7 8 10 | 10.6
Evocations     | 2 5 8 9 |  9.4
Shields        | 3 4 |  4.0

Action                   |  1- 3 |  4- 6 |  7- 9 | 10-12 || total
-------------------------+-------+-------+-------+-------++-------
Melee: Short sword       |   146 |   253 |   366 |   139 ||   904
       Rapier            |       |       |       |   249 ||   249
Invok: Berserk           |     1 |     2 |     1 |     3 ||     7
       Brothers in Arms  |       |       |       |     2 ||     2
       Trog's Hand       |       |       |       |     1 ||     1
Evoke: Wand              |       |    10 |    13 |     7 ||    30
  Use: Scroll            |     1 |     8 |     7 |     7 ||    23
       Potion            |       |       |     2 |     3 ||     5
 Stab: Sleeping          |     1 |    14 |    27 |    16 ||    58
       Distracted        |       |     2 |     3 |     2 ||     7
       Confused          |       |       |     1 |       ||     1
  Eat: Ration            |       |     3 |     3 |     4 ||    10
Armor: Animal skin       |     5 |    10 |     6 |     6 ||    27
       Skin              |       |       |       |     9 ||     9
Dodge: Dodged            |   114 |   153 |   178 |   192 ||   637
       Deflected         |       |       |     4 |     4 ||     8
Block: Buckler           |       |       |   117 |   134 ||   251

Table legend:
 A = Non-vault XP
 B = Vault XP
 C = Vault XP percentage of total XP
 D = Non-vault monster count
 E = Vault monster count
 F = Vault count percentage of total count
                 A         B        C        D         E       F
            +---------+---------+-------+---------+---------+-------
      Total |    8734 |    7171 |  45.1 |     213 |      94 |  30.6
            +---------+---------+-------+---------+---------+-------
        D:1 |      40 |       7 |  14.9 |      25 |       7 |  21.9
        D:2 |      56 |     266 |  82.6 |      19 |      14 |  42.4
        D:3 |      71 |      13 |  15.5 |      15 |       6 |  28.6
        D:4 |     343 |     486 |  58.6 |      13 |       3 |  18.8
        D:5 |     356 |     646 |  64.5 |      19 |      31 |  62.0
        D:6 |    1225 |       0 |   0.0 |      34 |       0 |   0.0
        D:7 |     240 |       0 |   0.0 |       9 |       0 |   0.0
        D:8 |    1313 |    1176 |  47.2 |      30 |       3 |   9.1
        D:9 |    2059 |    3122 |  60.3 |      22 |      26 |  54.2
       D:10 |     856 |       0 |   0.0 |      14 |       0 |   0.0
       D:11 |    2175 |       0 |   0.0 |      13 |       0 |   0.0
   Gauntlet |       0 |    1455 | 100.0 |       0 |       4 | 100.0
            +---------+---------+-------+---------+---------+-------
